 Dungeon Crawl Stone Soup version 0.31.0-12-g77e489cdc1 (webtiles) character file.

Game seed: 17800353974867939848

201 Arctor the Magician (level 5, 0/28 HPs)
             Began as a Deep Elf Fire Elementalist on Feb 22, 2024.
             Was an Initiate of Vehumet.
             Slain by a quokka (3 damage)
             ... on level 3 of the Dungeon.
             The game lasted 00:01:36 (2647 turns).

Arctor the Magician (Deep Elf Fire Elementalist)    Turns: 2647, Time: 00:01:36

Health: 0/28       AC:  3    Str:  5    XL:     5   Next: 50%
Magic:  1/13       EV: 13    Int: 22    God:    Vehumet [......]
Gold:   151        SH:  0    Dex: 15    Spells: 9/12 levels left

rFire   . . .        (no weapon)
rCold   . . .        (no shield)
rNeg    . . .        a - +0 robe
rPois   .            c - +0 helmet
rElec   .            (no cloak)
rCorr   .            (no gloves)
SInv    .            (no boots)
Will    .....        (no amulet)
Stlth   +++          (no ring)
HPRegen 0.24/turn    (no ring)
MPRegen 0.13/turn

%: no passive effects
@: brilliant, lethally poisoned (0 -> -21)
A: no striking features
a: Renounce Religion


You were on level 3 of the Dungeon.
You worshipped Vehumet.
Vehumet was noncommittal.
You visited 1 branch of the dungeon, and saw 3 of its levels.

You collected 151 gold pieces.

Inventory:

Armour
 a - a +0 robe (worn)
 c - a +0 helmet (worn)
Scrolls
 d - a scroll of revelation {unknown}
 e - a scroll of noise {unknown}
 h - a scroll of enchant armour {unknown}
 j - a scroll of enchant weapon {unknown}
 l - a scroll of identify {unknown}
 o - a scroll of fog {unknown}
Potions
 b - a potion of magic
 g - 4 potions of heal wounds {unknown}
 i - a potion of berserk rage {unknown}
 k - 2 potions of curing {unknown}
 m - a potion of degeneration {unknown}
 n - a potion of lignification {unknown}
 p - a potion of cancellation {unknown}


   Skills:
 + Level 3.7 Dodging
 + Level 4.0 Stealth
 + Level 4.3 Spellcasting
 + Level 2.7 Conjurations
 + Level 4.2 Fire Magic


You had 9 spell levels left.
You knew the following spells:

 Your Spells              Type           Power      Damage    Failure   Level
a - Foxfire               Conj/Fire      100%       2x1d9     2%          1
b - Scorch                Fire           70%        2d7       2%          2

Your spell library contained the following spells:

 Spells                   Type           Power      Damage    Failure   Level
 Slow                     Hex            28%        N/A       11%         1
 Inner Flame              Hex/Fire       21%        N/A       14%         3
 Volatile Blastmotes      Fire/Tloc      42%        2d13      14%         3
 Flame Wave               Conj/Fire      30%        2d9       26%         4
 Confusing Touch          Hex            7%         N/A       32%         3
 Sigil of Binding         Hex            7%         N/A       32%         3
 Vampiric Draining        Necr           7%         2d6       32%         3


Dungeon Overview and Level Annotations

Branches:
Dungeon (3/15)

Altars:
Elyvilon
Kikubaaqudgha
Vehumet

Shops:
D:1 =


Message History

The orc barely misses you.
You conjure some foxfire!
You feel very sick.
An adder comes into view.
A quokka comes into view.
The kobold hits you with a +1 short sword of venom.
You are lethally poisoned!
The orc closely misses you.
The adder moves out of view.
Casting: Foxfire (safe; 2% risk of failure)
Confirm with . or Enter, or press ? or * to list all spells.
Flames lash the goblin but do no damage.
You feel very sick.
The kobold is no longer more vulnerable to fire.
The foxfire hits the orc.
The orc is burned terribly!
You kill the orc!
Vehumet accepts your kill.
The foxfire hits the kobold.
The kobold is heavily wounded.
The kobold hits you but does no damage.
You are more poisoned.
Casting: Scorch (safe; 2% risk of failure)
Confirm with . or Enter, or press ? or * to list all spells.
Flames lash the goblin.
You kill the goblin!
Vehumet accepts your kill.
You feel very sick.
The quokka bites you but does no damage.
The kobold hits you with a +1 short sword of venom.
You are more poisoned.
Your Stealth skill increases to level 4!
Casting: Scorch (safe; 2% risk of failure)
Confirm with . or Enter, or press ? or * to list all spells.
You don't have enough magic to cast this spell.
Unknown command.
Okay, then.
It was a potion of brilliance.
You feel clever all of a sudden.
* * * LOW HITPOINT WARNING * * *
You feel very sick. The quokka bites you.
You die...

######
#...#.#
....#†##
#SK#.# #r@##
#. ##..# #.#
##.# #..#
##..# #..#
##.)##
#..###..#)#
#..#..#.##
#...#.#.#
###.########


You could see an adder, a quokka and a kobold.

Vanquished Creatures
  A phantom (D:3)
  Jessica (D:2)
  An iguana (D:3)
  3 adders
  2 dart slugs
  A ribbon worm (D:3)
  2 orcs (D:3)
  3 endoplasms
  3 giant cockroaches
  A hobgoblin (D:1)
  4 jackals (D:1)
  2 kobolds
  3 ball pythons
  3 bats
  3 frilled lizards
  5 goblins
  3 rats
41 creatures vanquished.

Vanquished Creatures (others)
  267 foxfires
267 creatures vanquished.

Grand Total: 308 creatures vanquished

Notes
Turn   | Place    | Note
-------+----------+-------------------------------------------
     0 | D:1      | Arctor the Deep Elf Fire Elementalist began the quest for
                  | the Orb.
     0 | D:1      | Reached XP level 1. HP: 10/10 MP: 6/6
   616 | D:1      | Reached XP level 2. HP: 15/15 MP: 5/8
   619 | D:1      | Learned a level 2 spell: Scorch
   665 | D:1      | Found Yrhob's Jewellery Shop.
  1477 | D:2      | Noticed Jessica
  1482 | D:2      | Killed Jessica
  1483 | D:2      | Reached XP level 3. HP: 19/19 MP: 1/10
  1934 | D:2      | Reached XP level 4. HP: 24/24 MP: 8/11
  2084 | D:3      | Noticed a phantom
  2091 | D:3      | Killed a phantom
  2092 | D:3      | Reached XP level 5. HP: 28/28 MP: 4/13
  2253 | D:3      | Found an ancient bone altar of Kikubaaqudgha.
  2255 | D:3      | Found a radiant altar of Vehumet.
  2290 | D:3      | Found a white marble altar of Elyvilon.
  2294 | D:3      | Became a worshipper of Vehumet
  2647 | D:3      | Slain by a quokka

Illustrated notes

Levels and vault maps discovered:
D:1:      dpeg_arrival_simpleton_a, layout_loops_ring, serial_shops, shop_statue
D:2:      layout_rooms, uniq_jessica
D:3:      minmay_diamond_boxcup, layout_rooms, grunt_temple_overflow_open,
          feat_on_display

Skill      XL: |  1  2  3  4  5 |
---------------+----------------+-----
Dodging        | 3 |  3.7
Stealth        | 3 4 |  4.0
Conjurations   | 2 |  2.7
Spellcasting   | 4 |  4.3
Fire Magic     | 4 |  4.2

Action                     |  1- 3 |  4- 6 || total
---------------------------+-------+-------++-------
  Melee: Unarmed           |    11 |       ||    11
   Cast: Foxfire           |   106 |    50 ||   156
         Scorch            |     3 |     6 ||     9
    Use: Potion            |       |     1 ||     1
 Armour: Robe              |    14 |     7 ||    21
  Dodge: Dodged            |    12 |     5 ||    17
